 Dungeon Crawl Stone Soup version 0.29-a0-892-g2c4c91d9db (webtiles) character file.

Game seed: 444376528263365025

8 Destapler the Ducker (level 2, -1/22 HPs)
             Began as a Demonspawn Gladiator on July 22, 2022.
             Slain by a quokka (4 damage)
             ... on level 1 of the Dungeon.
             The game lasted 00:00:37 (330 turns).

Destapler the Ducker (Demonspawn Gladiator)          Turns: 330, Time: 00:00:38

Health: -1/22      AC:  4    Str: 14    XL:     2   Next: 0%
Magic:  2/2        EV: 12    Int:  9    God:
Gold:   15         SH:  0    Dex: 14    Spells: 1/1 levels left

rFire   . . .      SeeInvis .   a - +0 long sword
rCold   . . .      Faith    .   (no shield)
rNeg    . . .      Spirit   .   b - +0 leather armour
rPois   .          Reflect  .   c - +0 helmet
rElec   .          Harm     .   (no cloak)
rCorr   .          Rampage  .   (no gloves)
Will    .....                   (no boots)
Stlth   +.........              (no amulet)
HPRegen 0.07/turn               (no ring)
MPRegen 0.08/turn               (no ring)

@: no status effects
A: powered by death 1
a: no special abilities


You were on level 1 of the Dungeon.
You visited 1 branch of the dungeon, and saw 1 of its levels.

You collected 15 gold pieces.

Inventory:

Hand Weapons
 a - a +0 long sword (weapon)
Missiles
 d - 3 throwing nets (quivered)
 e - a javelin
Armour
 b - a +0 leather armour (worn)
 c - a +0 helmet (worn)
Scrolls
 f - a scroll of fog {unknown}
 g - a scroll of blinking {unknown}
Potions
 h - a potion of heal wounds {unknown}


   Skills:
 + Level 2.1 Fighting
 + Level 2.8 Long Blades
 + Level 1.9 Throwing
 + Level 2.8 Dodging
 + Level 0.4 Stealth


You had one spell level left.
You didn't know any spells.
Your spell library was empty.

Dungeon Overview and Level Annotations

Branches:
Dungeon (1/15)

Altars:


Innate Abilities, Weirdness & Mutations

You regenerate a little health from kills.


Message History

The ball python bites you but does no damage.
The ball python constricts you.
The hobgoblin hits you but does no damage.
You barely miss the ball python. The quokka barely misses you.
The ball python bites you but does no damage.
The ball python constricts you. The hobgoblin hits you.
* * * LOW HITPOINT WARNING * * *
The quokka closely misses you.
A kobold comes into view.
It is wielding a +0 whip of electrocution.
You closely miss the ball python.
The ball python bites you but does no damage.
The ball python constricts you. The quokka misses you.
The hobgoblin closely misses you. The ball python loses its grip on you.
The kobold shouts!
You hit the hobgoblin.
You kill the hobgoblin!
The quokka bites you.
* * * LOW HITPOINT WARNING * * *
The ball python closely misses you. The ball python barely misses you. x2
The ball python misses you. The quokka closely misses you.
The ball python barely misses you. x2
You have reached level 2!
Your demonic ancestry asserts itself...
A wave of death washes over you. The ball python misses you.
The ball python barely misses you.
The kobold throws a stone.
The stone hits you but does no damage.
The ball python bites you but does no damage.
The ball python grabs you. The ball python constricts you.
* * * LOW HITPOINT WARNING * * *
You escape the ball python's grasp.
The kobold throws a stone.
The stone closely misses you. The ball python bites you.
* * * LOW HITPOINT WARNING * * *
The ball python completely misses you.
The ball python attacks as you move away!
The ball python completely misses you. The ball python closely misses you.
The quokka attacks as you move away! The quokka barely misses you.
The quokka closely misses you. The quokka attacks as you move away!
The quokka closely misses you. The quokka attacks as you move away!
The quokka bites you.
You die...

#..P♣8♣...#..#.#
#...♣8P......#.#
#.........#..#.#
......⌠......#'####
#...##.#.......#########
###+####S...................
...>.....#S.............[...
.......SS###r...............
.........+.@................
.........###..##############
...K.....# #..#
...........#..#
..............#
....###.......# ....
......... ... ......... b(
.........


You could see a quokka.

Vanquished Creatures
  An endoplasm (D:1)
  A goblin (D:1)
  2 hobgoblins (D:1)
  A quokka (D:1)
  A ball python (D:1)
  A rat (D:1)
  A butterfly (D:1)
8 creatures vanquished.

Notes
Turn   | Place    | Note
-------+----------+-------------------------------------------
     0 | D:1      | Destapler the Demonspawn Gladiator began the quest for the
                  | Orb.
     0 | D:1      | Reached XP level 1. HP: 16/16 MP: 1/1
   322 | D:1      | Gained mutation: You regenerate a little health from kills.
                  | [demonic ancestry]
   322 | D:1      | Reached XP level 2. HP: 6/22 MP: 2/2
   330 | D:1      | Slain by a quokka

Illustrated notes

Levels and vault maps discovered:
D:1:      spicycebolla_arrival_clurvy, layout_basic

Action                   || total
-------------------------++-------
Melee: Long sword        ||    21
 Stab: Sleeping          ||     1
Armor: Leather armour    ||    11
Dodge: Dodged            ||    38

Table legend: (Time is in decaauts)
 A = Elapsed time spent in this place.
 B = Non-inter-level travel time spent in this place.
 C = Inter-level travel time spent in this place.
 D = Time resting spent in this place.
 E = Time spent auto-exploring this place.
 F = Levels seen in this place.
 G = Mean time per level.
                   A        B        C        D        E       F      G
               +--------+--------+--------+--------+--------+-----+--------+
         Total |    335 |    335 |      0 |      0 |    266 |   1 |  335.0 |
       Dungeon |    335 |    335 |      0 |      0 |    266 |   1 |  335.0 |
               +--------+--------+--------+--------+--------+-----+--------+

Top non-repeatable levels by time:
     D:1: 335 daAuts
